 Dungeon Crawl Stone Soup version 0.15.2 (webtiles) character file.

130 plathrop the Insei (level 5, 0/30 HPs)
             Began as a Vine Stalker Monk on Jan 25, 2015.
             Killed from afar by an orc wizard (3 damage)
             ... with a magic dart
             ... on Level 3 of the Dungeon.
             The game lasted 00:12:31 (2953 turns).

plathrop the Insei (Vine Stalker Monk)              Turns: 2953, Time: 00:12:33

HP   0/30        AC  6     Str 14      XL: 5   Next: 13%
MP   0/7         EV  9     Int 10      God:
Gold 134         SH  0     Dex 17      Spells:  0 memorised,  4 levels left

rFire  . . .     SeeInvis +       - Unarmed
rCold  . . .     Clarity  .     u - +0 ring mail
rNeg   . . .     rCorr    .     (no shield)
rPois  .         rRot     +     (no helmet)
rElec  .         Spirit   +     (no cloak)
SustAb .         Warding  .     (no gloves)
rMut   .         Stasis   .     c - +0 pair of boots
Gourm  .                        (no amulet)
MR     +....                    g - ring of see invisible
                                l - ring of protection from magic

@: flying, somewhat resistant to hostile enchantments, unstealthy
A: fangs 2, regeneration 1, magic shield, antimagic bite, no device heal 3, rot
immunity
a: no special abilities


You were on level 3 of the Dungeon.
You were not hungry.

You visited 1 branch of the dungeon, and saw 3 of its levels.

You collected 134 gold pieces.

Inventory:

Missiles
 i - 189 stones (quivered)
Armour
 c - a +0 pair of boots (worn)
 u - a +0 ring mail (worn)
Comestibles
 b - 2 slices of pizza
 f - 2 rotting chunks of goblin flesh
 j - 3 meat rations
 p - 3 chunks of hobgoblin flesh
 r - a royal jelly
 s - a bread ration
Scrolls
 a - a scroll of fog
 e - a scroll of blinking {unknown}
 h - 2 scrolls of remove curse
 o - a scroll of teleportation
 t - a scroll of identify
 v - a scroll of recharging {unknown}
Jewellery
 g - a ring of see invisible (right hand)
 k - an uncursed ring of protection from fire
 l - a ring of protection from magic (left hand)
Potions
 n - 2 potions of curing


   Skills:
 + Level 4.3 Fighting
 - Level 2.4 Dodging
 - Level 2.4 Stealth
 - Level 5.0 Unarmed Combat


You had 4 spell levels left.
You didn't know any spells.

Dungeon Overview and Level Annotations

Branches:
Dungeon (3/15)

Altars:
Ashenzari
Elyvilon
Qazlal


Innate Abilities, Weirdness & Mutations

You have extremely sharp teeth.
Your natural rate of healing is unusually fast.
When hurt, damage is shared between your health and your magic reserves.
Your bite disrupts and absorbs the magic of your enemies.
Potions and wands cannot restore your health.
You are immune to rotting.


Message History

The orc wizard hits you but does no damage.
Drink which item? (? for menu, Esc to quit)
That liquid tasted very nasty...
You are lethally poisoned!
It was a potion of poison.
* * * LOW HITPOINT WARNING * * *
You feel sick.
The orc wizard hits you but does no damage.
The orc wizard casts a spell.
The orc wizard blinks!
The orc wizard hits you with a dagger.
* * * LOW HITPOINT WARNING * * *
Drink which item? (? for menu, Esc to quit)
You feel better.
The orc wizard hits you but does no damage.
The orc wizard sings a few bars from the Orcish anthem.
The orc wizard gestures wildly while chanting.
The orc wizard blinks!
The orc wizard gestures at you while chanting.
The magic dart hits you!
You die...

.......#.#.......#
#.....##.#.......#
##...##..#.......#
###.##...#.......#
....######......##
...## #......#
...# ###.##..###
...# ........So.#
...# ####.####@#
...# ... #o# ...#
#... #S## ..## . .
#o.# ..#
.._)o...(# ....
.S...#..# ####
.....#..# ....
#... .## #.##


You could see 2 orc wizards, 2 adders and an orc.

Vanquished Creatures
  4 adders
  2 giant mites
  A worm (D:2)
  An ooze (D:1)
  An orc (D:3)
  11 hobgoblins
  6 jackals
  11 kobolds
  7 bats
  2 giant cockroaches
  3 giant geckos
  5 giant newts
  11 goblins
  6 rats
71 creatures vanquished.

Vanquished Creatures (others)
  A rat (D:1)
1 creature vanquished.

Grand Total: 72 creatures vanquished

Notes
Turn   | Place    | Note
--------------------------------------------------------------
     0 | D:1      | plathrop, the Vine Stalker Monk, began the quest for the Orb.
     0 | D:1      | Reached XP level 1. HP: 11/11 MP: 1/1
   119 | D:1      | Reached XP level 2. HP: 16/16 MP: 3/3
   484 | D:1      | Reached XP level 3. HP: 19/19 MP: 4/4
   617 | D:1      | Reached skill level 5 in Unarmed Combat
  1387 | D:2      | Found a stormy altar of Qazlal.
  1545 | D:2      | Reached XP level 4. HP: 24/24 MP: 5/5
  2101 | D:3      | Found a shattered altar of Ashenzari.
  2588 | D:3      | Reached XP level 5. HP: 29/29 MP: 7/7
  2935 | D:3      | Found a white marble altar of Elyvilon.
  2953 | D:3      | Killed from afar by an orc wizard

Action                   |  1- 3 |  4- 6 || total
-------------------------+-------+-------++-------
Melee: Unarmed           |    97 |    72 ||   169
Throw: Stone             |   104 |    72 ||   176
Evoke: Wand              |     3 |       ||     3
  Use: Scroll            |     7 |     3 ||    10
       Potion            |       |     5 ||     5
 Stab: Sleeping          |     2 |     1 ||     3
  Eat: Chunk             |     2 |     1 ||     3
       Bread ration      |       |     1 ||     1
